 Dungeon Crawl Stone Soup version 0.32-a0-732-ga344392067 (webtiles) character file.

Game seed: 4944067404187300972

1648509 ragingrage the Convoker (level 25, 185/185 HPs)
             Began as a Demonspawn Ice Elementalist on Mar 17, 2024.
             Was an Elder of Hepliaklqana.
             Escaped with the Orb
             ... and 3 runes
             ... and 1 gem (0 intact)!
             The game lasted 02:31:37 (78932 turns).

ragingrage the Convoker (DsIE)                     Turns: 78932, Time: 02:31:38

Health: 185/185    AC: 26    Str: 13    XL:     25   Next: 78%
Magic:  37/37      EV: 24    Int: 24    God:    Hepliaklqana [****..]
Gold:   3586       SH: 27    Dex: 20    Spells: 3/44 levels left

rFire   + + .        b - +7 demon trident (spect)
rCold   + + .        r - +5 Storm Queen's Shield {shock, Fly rElec}
rNeg    . . .        T - +3 troll leather armour {Snorg}
rPois   .            d - +2 helmet {SInv}
rElec   +            B - +4 dragonskin cloak {Aegis}
rCorr   +            R - +2 pair of gloves
SInv    +            (boots unavailable)
Will    ++...        m - amulet "Lukamiut" {Reflect Dex+5 SH+5}
Stlth   +            F - ring of the Octopus King {rF+ HP+2 AC+2 EV+2 SH+2}
HPRegen 1.30/turn    i - ring "Nonutywk" {Fly rF+ rC+ Will+ Stlth-}
MPRegen 0.50/turn

%: reflection, clarity, guardian spirit
@: flying, studying Ranged Weapons
A: reduced essence, hooves 3, yellow scales 3, demonic guardian 3, augmentation
2, magic shield, magic regeneration, magic link, clarity, clever 1, cold
resistance 1
0: Orb of Zot
}: 3/15 runes: barnacled, slimy, gossamer
a: Renounce Religion, Recall Ancestor, Ancestor Identity, Transference, Idealise


You escaped.
You worshipped Hepliaklqana.
Hepliaklqana was greatly pleased with you.
You visited 11 branches of the dungeon, and saw 52 of its levels.
You visited 2 bazaars.
You also visited: Trove and Bailey.

You collected 7797 gold pieces.
You spent 4211 gold pieces at shops.

Inventory:

Hand Weapons
 a - a +9 demon trident of electrocution
 b - a +7 spectral demon trident (weapon)
Missiles
 f - 12 throwing nets
Armour
 d - a +2 helmet of see invisible (worn)
 r - the +5 Storm Queen's Shield (worn) {shock, Fly rElec}
   (You found it on level 11 of the Dungeon)

   Shock:     When it blocks an attack, it may electrocute the attacker.
   This works even against foes who are a short distance away.
   rElec:     It insulates you from electricity.
   Fly:       It grants you flight.
 B - the +4 dragonskin cloak (worn) {Aegis}
   (You took it off Tiamat on level 1 of the Realm of Zot)

   Avatar's Aegis: It grants the wearer a chance to resist fire, cold, poison,
   electricity, acid, and negative energy.
 I - the +5 scale mail of the Immovable Deaths {rF+ Int+5 Dex+3}
   (You bought it in a shop on level 2 of the Orcish Mines)

   Int+5:     It affects your intelligence (+5).
   Dex+3:     It affects your dexterity (+3).
   rF+:       It protects you from fire.
 R - a +2 pair of gloves (worn)
 T - a +3 troll leather armour (worn) {Snorg}
Jewellery
 i - the ring "Nonutywk" (right hand) {Fly rF+ rC+ Will+ Stlth-}
   (You found it in a treasure trove)

   [ring of flight]

   rF+:       It protects you from fire.
   rC+:       It protects you from cold.
   Will+:     It increases your willpower.
   Fly:       It grants you flight.
   Stlth-:    It makes you less stealthy.
 j - the necklace of Bloodlust {Fury *Rage Will++ Int-3 Slay+6}
   (You found it in a treasure trove)

   [amulet of nothing]

   Fury:      It extends the wearer's berserk rage when killing foes.
   Int-3:     It affects your intelligence (-3).
   Slay+6:    It affects your accuracy & damage with ranged weapons and melee
   (+6).
   Will++:    It greatly increases your willpower.
   *Rage:     It berserks you when you make melee attacks (+50% chance).
 m - the amulet "Lukamiut" (around neck) {Reflect Dex+5 SH+5}
   (You found it in a treasure trove)

   [amulet of reflection]

   Reflect:   It reflects blocked missile attacks.
   Dex+5:     It affects your dexterity (+5).
   SH+5:      It affects your SH (+5).
 t - a ring of poison resistance
 F - a ring of the Octopus King (left hand) {rF+ HP+2 AC+2 EV+2 SH+2}
   (You took it off a deep elf annihilator on level 3 of the Elven Halls)

   [ring of protection from fire]

   AC+2:      It affects your AC (+2).
   EV+2:      It affects your evasion (+2).
   rF+:       It protects you from fire.
   HP+2:      It affects your health (+2).
   SH+2:      It affects your SH (+2).
Wands
 e - a wand of mindburst (22)
 g - a wand of flame (37)
 s - a wand of polymorph (12)
 M - a wand of acid (42)
 N - a wand of digging (16)
 O - a wand of charming (19)
 S - a wand of iceblast (43)
Scrolls
 c - 3 scrolls of amnesia
 l - 3 scrolls of butterflies
 o - 6 scrolls of fear
 q - 5 scrolls of noise
 x - 2 scrolls of poison
 y - a scroll of silence
 z - 16 scrolls of teleportation
 A - 8 scrolls of vulnerability
 C - 8 scrolls of fog
 E - a scroll of revelation
 J - 14 scrolls of immolation
 K - 6 scrolls of blinking
 W - 4 scrolls of enchant armour
Potions
 k - 8 potions of heal wounds
 n - 5 potions of invisibility
 p - 4 potions of lignification
 u - 4 potions of magic
 v - 9 potions of might
 w - 7 potions of mutation
 D - 7 potions of attraction
 G - 10 potions of brilliance
 H - a potion of cancellation
 P - 7 potions of ambrosia
 U - 19 potions of curing
 V - 10 potions of enlightenment
 X - a potion of berserk rage
 Y - 3 potions of resistance
 Z - 3 potions of haste
Miscellaneous
 h - a lightning rod (4/4)
 L - a condenser vane
 Q - a phial of floods


   Skills:
 - Level 18.0 Fighting
 - Level 14.0 Polearms
 + Level 11.9 Armour
 + Level 16.6 Dodging
 - Level 7.0 Stealth
 - Level 18.0 Shields
 - Level 10.0 Spellcasting
 - Level 0.9 Conjurations
 - Level 9.0 Hexes
 + Level 18.5 Summonings
 - Level 18.0 Necromancy
 - Level 6.0 Fire Magic
 - Level 10.0 Ice Magic
 - Level 6.0 Earth Magic
 - Level 0.8 Alchemy
 - Level 10.0 Invocations
 - Level 12.0 Evocations
 - Level 1.0 Shapeshifting


You had 3 spell levels left.
You knew the following spells:

 Your Spells              Type           Power      Damage    Failure   Level
a - Martyr's Knell        Necr/Summ      100%       N/A       1%          4
b - Summon Cactus Giant   Summ           55%        N/A       1%          6
c - Summon Mana Viper     Hex/Summ       96%        N/A       1%          5
d - Fugue of the Fallen   Necr           100%       N/A       1%          3
e - Summon Blazeheart Go  Fire/Summ      91%        N/A       1%          4
f - Irradiate             Conj/Alch      14%        3d16      89%         5
g - Passwall              Erth           65%        N/A       2%          3
h - Ozocubu's Armour      Ice            82%        N/A       1%          3
i - Freeze                Ice            100%       1d10      1%          1
j - Haunt                 Necr/Summ      54%        N/A       4%          7

Your spell library contained the following spells:

 Spells                   Type           Power      Damage    Failure   Level
 Necrotise                Necr           100%       1d9       0%          1
 Summon Small Mammal      Summ           100%       N/A       0%          1
 Call Imp                 Summ           100%       N/A       0%          2
 Sublimation of Blood     Necr           100%       N/A       0%          2
 Call Canine Familiar     Summ           100%       N/A       0%          3
 Cigotuvi's Dreadful Rot  Necr/Alch/Air  100%       N/A       1%          2
 Ensorcelled Hibernation  Hex/Ice        100%       N/A       1%          2
 Jinxbite                 Hex            100%       N/A       1%          2
 Scorch                   Fire           100%       2d9       1%          2
 Frozen Ramparts          Ice            100%       1d16      1%          3
 Summon Ice Beast         Ice/Summ       98%        N/A       1%          3
 Vampiric Draining        Necr           100%       2d13      1%          3
 Foxfire                  Conj/Fire      100%       2x1d9     2%          1
 Hailstorm                Conj/Ice       62%        3d11      3%          3
 Dazzling Flash           Conj/Hex       100%       N/A       4%          3
 Magic Dart               Conj           100%       1d8       7%          1
 Sting                    Conj/Alch      100%       1d9       7%          1
 Volatile Blastmotes      Fire/Tloc      94%        2d17      9%          3
 Apportation              Tloc           42%        N/A       10%         1
 Mercury Vapours          Alch/Air       50%        N/A       13%         2
 Momentum Strike          Conj/Tloc      50%        3d9       13%         2
 Blink                    Tloc           42%        N/A       16%         2
 Lesser Beckoning         Tloc           42%        N/A       16%         2
 Mephitic Cloud           Conj/Alch/Air  26%        N/A       24%         3
 Gell's Gravitas          Tloc           21%        N/A       30%         3
 Teleport Other           Tloc           21%        N/A       30%         3
 Anguish                  Hex/Necr       47%        N/A       1%          4
 Curse of Agony           Necr           100%       N/A       1%          5
 Monstrous Menagerie      Summ           55%        N/A       4%          7
 Summon Hydra             Summ           55%        N/A       4%          7
 Summon Forest            Summ/Tloc      40%        N/A       6%          5
 Dimensional Bullseye     Hex/Tloc       28%        N/A       16%         4
 Brom's Barrelling Bould  Conj/Erth      51%        2d7       24%         4
 Lee's Rapid Deconstruct  Erth           32%        3d17*     24%         5
 Ignite Poison            Fire/Alch      50%        N/A       26%         4
 Leda's Liquefaction      Alch/Erth      25%        N/A       26%         4
 Petrify                  Alch/Erth      50%        N/A       26%         4
 Sticky Flame             Fire/Alch      50%        2d9       26%         4
 Yara's Violent Unravell  Hex/Alch       29%        3d12      36%         5
 Borgnjor's Revivificati  Necr           54%        N/A       38%         8
 Silence                  Hex/Air        28%        N/A       41%         5
 Permafrost Eruption      Ice/Erth       37%        2x4d11    50%         6
 Freezing Cloud           Conj/Ice/Air   26%        6-21      54%         5
 Fulminant Prism          Conj/Alch      14%        3d9       56%         4
 Fireball                 Conj/Fire      25%        3d11      56%         5
 Olgreb's Toxic Radiance  Alch           28%        N/A       58%         4
 Ozocubu's Refrigeration  Ice            41%        4d16      80%         7
 Spellforged Servitor     Conj/Summ      40%        N/A       85%         7
 Sculpt Simulacrum        Ice/Alch       31%        N/A       86%         6
 Malign Gateway           Summ/Tloc      40%        N/A       88%         7
 Iskenderun's Battlesphe  Conj           29%        2d8       89%         5
 Alistair's Intoxication  Alch           18%        N/A       90%         5
 Enfeeble                 Hex            39%        N/A       91%         7
 Bombard                  Conj/Erth      25%        9d5       98%         6
 Starburst                Conj/Fire      25%        6d8       98%         6
 Plasma Beam              Fire/Air       23%        2x1d35    99%         6
 Death's Door             Necr           54%        N/A       99%         9
 Conjure Ball Lightning   Conj/Air       12%        3x3d6     100%        6
 Eringya's Noxious Bog    Alch           14%        4d6       100%        6
 Orb of Destruction       Conj           14%        9d7       100%        7
 Discord                  Hex            39%        N/A       100%        8
 Disjunction              Tloc           10%        N/A       100%        8
 Ignition                 Fire           32%        3d10      100%        8


Dungeon Overview and Level Annotations

Branches:
Dungeon (15/15)            Temple (1/1) D:4            Lair (5/5) D:10
 Shoals (4/4) Lair:2       Spider (4/4) Lair:3        Slime (5/5) Lair:4
    Orc (2/2) D:10            Elf (3/3) Orc:2        Vaults (4/5) D:13
  Crypt (0/3) Vaults:2     Depths (4/4) D:15            Zot (5/5) Depths:4
 Bailey (visited)

Altars:
Ashenzari
Cheibriados
Dithmenos
Fedhas
Gozag
Hepliaklqana
Kikubaaqudgha
Makhleb
Nemelex Xobeh
Okawaru
Qazlal
Ru
Sif Muna
Trog
Uskayaw
Vehumet
Wu Jian
Xom
Yredelemnul
Jiyva

Shops:
D:7 [[   Orc:2 =([*   Shoals:1 *   Shoals:3 (   Depths:1 :==

Portals:
Hell: Depths:1 Depths:2 Depths:3 Depths:4
Abyss: Depths:1 Depths:3 Depths:4
Pandemonium: Depths:1 Depths:2 Depths:3 Depths:4
Ziggurat: Depths:2

Annotations:
Lair:5 1 exclusion
Slime:4 exclusion: 2 downstairs
Orc:1 2 transporters, Qutsim's ghost, journeyman DrFE
Vaults:3 1 exclusion
Vaults:4 3 runed translucent doors, scarr's ghost, adept DrEE
Zot:1 exclusion: downstairs


Innate Abilities, Weirdness & Mutations

Your life essence is reduced to manifest your ancestor. (-10% HP)
You have hooves in place of feet.
You are completely covered in yellow scales. (AC +4, rCorr)
A powerful demonic guardian rushes to your aid.
Your magical and physical power is enhanced at high health.
When hurt, damage is shared between your health and your magic reserves.
You regenerate magic rapidly.
When low on magic, you restore magic in place of health.
You possess an exceptional clarity of mind.
Your mind is acute. (Int +4, Str/Dex -1)
Your flesh is cold resistant. (rC+)


Message History

There is a stone staircase leading down here.
A Brimstone Fiend comes into view.
Seblaov gestures at the Brimstone Fiend while chanting.
The bolt of magma hits the Brimstone Fiend!
The Brimstone Fiend partially resists.
You puncture the Brimstone Fiend! Your kick misses the Brimstone Fiend.
Your +7 spectral demon trident completely misses the Brimstone Fiend.
You hit the Brimstone Fiend. You kick the Brimstone Fiend!
Your +7 spectral demon trident hits the Brimstone Fiend!
You block the Brimstone Fiend's attack. x2
Your shield discharges, shocking the Brimstone Fiend!
You block the Brimstone Fiend's attack.
Your shield discharges, shocking the Brimstone Fiend!
You puncture the Brimstone Fiend! Your kick misses the Brimstone Fiend.
Your +7 spectral demon trident hits the Brimstone Fiend.
You block the Brimstone Fiend's attack. x2
The Brimstone Fiend hits you but does no damage.
You hit the Brimstone Fiend but do no damage.
You kick the Brimstone Fiend!
Your +7 spectral demon trident hits the Brimstone Fiend!!
You barely miss the Brimstone Fiend.
You kick the Brimstone Fiend, but do no damage.
Your +7 spectral demon trident hits the Brimstone Fiend but does no damage.
Seblaov hits the Brimstone Fiend with a +0 lajatang of freezing!!
Seblaov freezes the Brimstone Fiend!
The Brimstone Fiend dies!
(D) Dungeon (T) Temple (L) Lair (A) Shoals (N) Spider Nest (M) Slime Pits (O) Orcish Mines (E) Elven Halls (V) Vaults (C) Crypt (U) Depths (H) Hell (Z) Zot
Where to? (Tab/Enter - D:1 @ (x,y), ? - help)
Your +7 spectral demon trident disappears.
There is a stone staircase leading up here.
You fly upwards.
There is a stone staircase leading down here.
There is a stone staircase leading up here.
You fly upwards.
There is a stone staircase leading down here.
There is a staircase leading out of the dungeon here.
You have escaped!

.................................
###.......#######.##......##.####
..........# #.#..####..#.####
..........#######.#.## ##.......
..................#.# #..#####
...>......####......## ##......#
.......#### #..≈≈§≈..####..≈≈≈≈..
.......# #.≈≈≈≈≈≈......≈≈≈≈≈≈.
.......# #.≈≈@>≈≈......≈≈≈≈≈≈.
.......# #.≈§§R.≈......≈≈≈≈≈≈.
.......# #..§§≈≈...##...≈≈≈≈..
######## ##...§....###.......#
#...........#.#.##### #
#.######........##... # #.#
#........###... # ### #........#
#... # #........###...


You could see the friendly Seblaov the battlemage.

Vanquished Creatures
  the Royal Jelly (Slime:5)
  2 ancient liches (Zot:5)
  An orb of fire (Zot:5)
  A juggernaut (Depths:4)
  Boris (Depths:3)
  3 Killer Klowns
  2 curse toes
  4 golden dragons
  An electric golem (Zot:1)
  6 tentacled monstrosities
  A lich (Depths:2)
  9 Orb Guardians
  2 quicksilver dragons
  2 sphinxes
  Asterion (D:15)
  2 deep elf master archers (Elf:3)
  Gastronok (Lair:2)
  11 acid blobs
  2 death cobs
  6 storm dragons
  3 tengu reavers
  10 azure jellies
  3 shadow dragons
  3 draconian knights
  6 fire giants
  4 draconian monks
  8 rockslimes
  2 emperor scorpions (Spider:3)
  5 frost giants
  A draconian scorcher (Zot:4)
  2 draconian shifters
  2 vault wardens
  7 ghost moths
  3 draconian annihilators
  3 draconian stormcallers
  2 deep elf elementalists (Elf:3)
  2 broodmothers
  18 quicksilver oozes
  3 spriggan defenders (Depths:4)
  A very ugly thing (Depths:2)
  10 ironbound preservers
  8 ironbound thunderhulks
  5 stone giants
  3 formless jellyfish
  A vampire knight (Depths:4)
  4 purple draconians
  4 deep elf death magi (Elf:3)
  2 green draconians
  2 black draconians
  A war gargoyle (Vaults:2)
  4 red draconians
  2 deep elf demonologists (Elf:3)
  3 dire elephants (Vaults:3)
  5 yellow draconians
  4 white draconians
  A demonspawn black sun (D:7)
  2 lorocyprocas
  2 deep elf annihilators (Elf:3)
  9 spark wasps
  6 merfolk javelineers (Shoals:4)
  A spectral kraken (Shoals:4)
  5 ettins
  2 fire dragons
  A jiangshi (Depths:3)
  7 ice dragons
  9 merfolk impalers
  4 entropy weavers
  3 vault guards
  4 deep elf high priests
  4 great orbs of eyes
  4 hydras
  A catoblepas (Lair:1)
  8 yaktaur captains
  A ghost crab (Shoals:4)
  2 merfolk avatars
  2 radroaches
  3 boulder beetles
  2 two-headed ogres
  A spriggan air mage (Depths:4)
  6 ironbound frosthearts
  A peacekeeper (Vaults:4)
  4 merfolk aquamancers (Shoals:4)
  A satyr (Shoals:4)
  An alligator snapping turtle (Shoals:4)
  10 centaur warriors
  11 dancing weapons
  5 deep troll shamans
  3 tengu warriors
  An occultist (Depths:1)
  4 deep troll earth magi
  A shock serpent (D:11)
  3 orc high priests
  3 spriggan berserkers (Depths:4)
  11 deep elf knights
  6 demonic crawlers
  5 hell knights
  3 iron trolls (Depths:4)
  4 pharaoh ants
  4 sixfirhies
  A skyshark (Shoals:3)
  6 glowing orange brains
  6 sea snakes
  4 orb spiders
  4 arcanists
  33 slime creatures
  A flayed ghost (Depths:3)
  34 deep trolls
  4 phantasmal warriors
  13 deep elf pyromancers
  8 deep elf archers
  6 ironbound convokers
  2 steelbarb worms
  A lindwurm (Vaults:3)
  8 harpies
  6 nameless horrors
  A necromancer (Depths:4)
  11 wolf spiders
  9 deep elf zephyrmancers
  An orc knight (D:15)
  4 orc sorcerers
  4 merfolk sirens
  An oklob plant (Lair:4)
  9 manticores
  16 ugly things
  8 fauns
  2 cyclopes
  14 moths of wrath
  3 shining eyes
  A moth of wrath (shapeshifter) (Depths:1)
  An eye of devastation (Slime:3)
  2 molten gargoyles (D:12)
  A black mamba (Lair:5)
  7 meliai
  4 water nymphs
  A smoke demon (Depths:4)
  3 torpor snails (Spider:1)
  2 cane toads
  A frost giant skeleton (Vaults:2)
  5 vault sentinels
  A storm dragon simulacrum (Depths:2)
  Jeremiah (D:7)
  A spectral sea snake (Shoals:4)
  3 rime drakes
  5 komodo dragons
  A komodo dragon (shapeshifter) (Depths:3)
  A freezing wraith (D:14)
  A spectral water nymph (Shoals:4)
  A tengu conjurer (D:11)
  2 spectral merfolk (Shoals:4)
  5 trolls
  11 yaktaurs
  18 merfolk
  A queen bee (shapeshifter) (Elf:2)
  A guardian mummy (Elf:1)
  7 hornets
  19 tarantellas
  18 blink frogs
  The ghost of ragingrage the Chiller, an amateur DsIE of Uskayaw (D:4)
  A raiju (D:11)
  2 wind drakes (Shoals:4)
  2 glass eyes (Depths:2)
  6 snapping turtles
  3 air elementals
  A dream sheep (Shoals:1)
  A frost giant simulacrum (Depths:2)
  10 jumping spiders
  8 culicivoras
  A spectral wind drake (Shoals:4)
  A centaur simulacrum (D:14)
  2 wraiths
  Sigmund (D:4)
  40 yaks
  7 spriggans (Depths:4)
  A fire elemental (Elf:3)
  10 water elementals
  2 wyverns
  2 wargs
  A ynoxinul (Depths:4)
  2 basilisks (D:10)
  5 golden eyes
  A steam dragon (D:9)
  15 vampire mosquitoes
  41 redbacks
  A yaktaur simulacrum (Vaults:2)
  A water moccasin (shapeshifter) (D:13)
  2 water moccasins
  2 black bears
  10 orc warriors
  A small abomination (Lair:5)
  2 wolves (Bailey)
  3 ogres
  13 centaurs
  A spectral cyclops (Shoals:4)
  10 bullfrogs
  A kobold brigand (D:9)
  4 gnoll sergeants
  A water moccasin zombie (D:5)
  4 scorpions
  2 wights (D:10)
  Dowan (D:7)
  3 killer bees (D:10)
  5 howler monkeys
  A centaur zombie (D:5)
  2 bullfrog zombies (D:5)
  A human zombie (D:5)
  A bombardier beetle (D:5)
  4 hounds
  11 orc priests
  A gnoll bouda (Bailey)
  2 centaur skeletons (D:5)
  9 orc wizards
  3 hell rats
  A hound zombie (D:5)
  5 adders
  10 gnolls
  A dart slug (D:3)
  42 orcs
  2 endoplasms
  3 giant cockroaches
  6 goblins
  5 hobgoblins
  7 jackals
  11 kobolds
  4 quokkas
  7 ball pythons
  6 bats
  3 frilled lizards
  6 rats
  A tentacle (Shoals:4)
1110 creatures vanquished.

Vanquished Creatures (collateral kills)
  Tiamat (Zot:1)
  An ancient lich (Zot:5)
  6 orbs of fire
  A juggernaut (Depths:3)
  Boris (Depths:2)
  Josephina (Depths:2)
  2 Killer Klowns (Zot:5)
  2 curse toes
  6 golden dragons
  the Enchantress (Depths:4)
  A Brimstone Fiend (D:3)
  An electric golem (Zot:5)
  8 tentacled monstrosities
  A walking crystal tome (Depths:3)
  2 liches
  17 Orb Guardians
  A deep elf blademaster (Elf:2)
  2 quicksilver dragons (Zot:2)
  6 acid blobs
  3 sphinxes
  4 death cobs
  6 shadow dragons
  A tengu reaver (Depths:2)
  15 rockslimes
  3 azure jellies
  2 draconian knights
  7 storm dragons
  Aizul (Spider:1)
  3 draconian monks
  6 fire giants
  5 deep elf sorcerers
  3 draconian scorchers
  Louise (Spider:2)
  6 emperor scorpions
  2 balrugs
  6 frost giants
  2 deep elf elementalists (Elf:3)
  2 orc warlords
  A draconian shifter (Zot:2)
  5 vault wardens
  8 draconian annihilators
  3 ghost moths
  13 ironbound preservers
  2 spriggan defenders
  2 reapers (Depths:4)
  5 ironbound thunderhulks
  5 quicksilver oozes
  3 formless jellyfish
  6 stone giants (Depths:4)
  3 vampire knights
  4 very ugly things
  7 deep elf annihilators (Elf:3)
  2 deep elf demonologists
  7 red draconians
  4 deep elf death magi
  10 green draconians
  8 spark wasps
  A war gargoyle (Vaults:3)
  4 black draconians
  4 dire elephants (Vaults:3)
  13 purple draconians
  8 yellow draconians
  5 white draconians
  Snorg (D:12)
  A green death (Depths:1)
  3 ettins (Depths:1)
  A crystal guardian (Vaults:3)
  7 fire dragons
  An entropy weaver (Spider:1)
  2 deep elf high priests (Elf:3)
  5 merfolk impalers
  5 yaktaur captains
  5 great orbs of eyes
  4 jiangshi (Depths:3)
  4 vault guards (Vaults:1)
  A peacekeeper (Vaults:3)
  3 hydras
  3 ironbound frosthearts
  2 ghost crabs (Shoals:4)
  2 spriggan air magi (Depths:4)
  A catoblepas (Lair:2)
  A boulder beetle (Spider:4)
  10 centaur warriors
  5 ice dragons
  5 merfolk avatars
  A death knight (Vaults:2)
  2 radroaches
  2 merfolk aquamancers (Shoals:4)
  A tengu warrior (D:15)
  4 deep troll earth magi
  11 dancing weapons
  4 satyrs
  6 demonic crawlers
  2 occultists
  3 vampire magi (Depths:3)
  3 deep troll shamans
  2 orc high priests
  A spriggan berserker (Depths:4)
  13 hell knights
  2 skysharks (Shoals:1)
  Urug (D:10)
  A soul eater (Depths:3)
  11 deep elf knights
  A sixfirhy (Zot:5)
  2 sun demons
  2 iron trolls
  A sea snake (shapeshifter) (Depths:3)
  A skeletal warrior (Vaults:2)
  A pharaoh ant (Spider:3)
  5 sea snakes
  A glowing orange brain (Slime:4)
  6 orb spiders
  25 deep trolls
  An arcanist (Vaults:4)
  A sun moth (Spider:4)
  2 lindwurms (Vaults:3)
  4 necromancers
  3 deep elf archers (Elf:1)
  10 ironbound convokers
  5 phantasmal warriors
  An orc knight (Vaults:4)
  2 oklob plants
  9 harpies
  5 orc sorcerers (Orc:2)
  17 deep elf zephyrmancers
  10 deep elf pyromancers
  4 shining eyes
  3 steelbarb worms
  13 ugly things
  10 wolf spiders
  10 manticores
  9 moths of wrath
  4 fauns
  3 cyclopes
  A black mamba (Lair:4)
  2 meliai
  2 kobold blastminers (Orc:2)
  An elephant (D:10)
  12 merfolk sirens
  3 molten gargoyles (D:12)
  3 water nymphs
  7 vault sentinels
  A smoke demon (Depths:3)
  A torpor snail (Lair:2)
  4 eyes of devastation
  An orange demon (Zot:5)
  3 cane toads
  4 komodo dragons
  A kobold demonologist (D:10)
  7 yaktaurs
  An efreet (D:15)
  3 hellions
  Psyche (D:10)
  A rime drake (Lair:1)
  A tengu conjurer (D:15)
  2 spectral water nymphs (Shoals:4)
  22 merfolk
  A polar bear (Lair:4)
  3 trolls
  4 wind drakes
  A tengu simulacrum (Depths:2)
  5 hornets
  An iron dragon simulacrum (Depths:2)
  4 tarantellas
  10 blink frogs
  3 dream sheep (Shoals:1)
  A spectral manticore (Shoals:4)
  4 snapping turtles
  59 slime creatures
  12 jumping spiders
  8 culicivoras
  5 spriggans (Depths:4)
  An air elemental (Elf:1)
  9 water elementals
  7 yaks
  2 shadows
  A wraith (Vaults:2)
  A vampire (D:11)
  3 wyverns
  A basilisk (Lair:4)
  2 fire elementals
  4 golden eyes
  3 wargs
  28 redbacks
  A steam dragon (D:8)
  5 vampire mosquitoes
  An acid dragon (D:10)
  4 water moccasins
  Duvessa (D:7)
  11 orc warriors
  An ice beast (D:7)
  A sky beast (D:7)
  2 black bears
  3 ogres
  3 wolves (Bailey)
  A centaur (shapeshifter) (Elf:3)
  8 centaurs
  2 kobold brigands (D:8)
  6 bullfrogs
  7 gnoll sergeants
  9 wights
  A water moccasin zombie (D:5)
  3 killer bees (D:10)
  3 howler monkeys
  An electric eel (Spider:2)
  A centaur zombie (D:5)
  A jelly (D:6)
  5 gnoll boudas (Bailey)
  12 orc priests
  A hound (Bailey)
  10 orc wizards
  A scorpion zombie (D:5)
  3 hell rats (Lair:1)
  A killer bee zombie (D:5)
  A nameless horror (Zot:2)
  15 gnolls
  A shadow imp (D:7)
  2 white imps
  A dart slug (D:5)
  35 orcs
  2 goblins (D:9)
  10 kobolds
  A spectral weapon (Depths:4)
  A tentacle (Shoals:4)
1030 creatures vanquished.

Vanquished Creatures (others)
  A golden dragon (Zot:4)
  A centaur warrior (D:15)
  A tengu warrior (D:15)
  A deep elf knight (Elf:1)
  2 deep elf pyromancers (Elf:3)
  A wolf spider (Spider:3)
  An ugly thing (D:15)
  A jumping spider (Spider:1)
  A culicivora (Spider:3)
  95 battlemagi
  2 ancestors
  28 blazeheart cores
  32 spectral weapons
  11 tentacles (Shoals:4)
178 creatures vanquished.

Grand Total: 2318 creatures vanquished

Notes
Turn   | Place    | Note
-------+----------+-------------------------------------------
     0 | D:1      | ragingrage the Demonspawn Ice Elementalist began the quest
                  | for the Orb.
     0 | D:1      | Reached XP level 1. HP: 13/13 MP: 3/3
   326 | D:1      | Gained mutation: You are partially covered in yellow
                  | scales. (AC +2) [demonic ancestry]
   326 | D:1      | Reached XP level 2. HP: 14/19 MP: 3/5
  1219 | D:2      | Reached XP level 3. HP: 24/24 MP: 2/6
  1234 | D:2      | Learned a level 3 spell: Frozen Ramparts
  1809 | D:2      | Reached skill level 5 in Ice Magic
  2281 | D:3      | Reached XP level 4. HP: 30/30 MP: 4/7
  3064 | D:4      | Found a staircase to the Ecumenical Temple.
  3073 | Temple   | Entered the Ecumenical Temple
  3100 | Temple   | Became a worshipper of Hepliaklqana the Forgotten
  3249 | D:4      | Found a transporter.
  3258 | D:4      | Noticed Sigmund
  3273 | D:4      | Found a transporter.
  3275 | D:4      | Noticed ragingrage's ghost (amateur DsIE)
  3317 | D:4      | Found a burning altar of Makhleb.
  3410 | D:4      | Reached XP level 5. HP: 35/35 MP: 1/8
  3857 | D:4      | Learned a level 3 spell: Summon Ice Beast
  3927 | D:4      | Killed Sigmund
  3928 | D:4      | Reached skill level 1 in Fighting
  3928 | D:4      | Reached skill level 1 in Summonings
  3928 | D:4      | Reached XP level 6. HP: 32/44 MP: 2/9
  4072 | D:5      | Entered Level 5 of the Dungeon
  4171 | D:5      | Reached * piety under Hepliaklqana
  4365 | D:5      | Reached XP level 7. HP: 16/45 MP: 3/10
  4792 | D:5      | Learned a level 3 spell: Ozocubu's Armour
  5495 | D:5      | Identified the +0 ring mail of the Trombone {Dex+2}
  5863 | D:6      | Found an opulent altar of Gozag.
  5870 | D:6      | Gained mutation: You have large cloven feet. [demonic
                  | ancestry]
  5870 | D:6      | Reached XP level 8. HP: 52/52 MP: 7/12
  6507 | D:6      | Found a shimmering blue altar of Sif Muna.
  6581 | D:6      | Found a basalt altar of Yredelemnul.
  6583 | D:6      | Noticed a profane servitor
  6706 | D:6      | Noticed an angel
  6714 | D:7      | Noticed Jeremiah
  6901 | D:7      | Killed Jeremiah
  7208 | D:7      | Found a transporter.
  7211 | D:7      | Noticed a hornet
  7229 | D:7      | Reached ** piety under Hepliaklqana
  7230 | D:7      | Remembered your ancestor Seblaov as a battlemage
  7301 | D:7      | Found Zoisk's Magic Scroll Emporium.
  7310 | D:7      | Bought a scroll of blinking for 90 gold pieces
  7310 | D:7      | Bought a scroll of enchant armour for 90 gold pieces
  7639 | D:7      | Noticed Duvessa
  7652 | D:7      | Noticed Dowan
  7653 | D:7      | Killed Duvessa
  7654 | D:7      | Reached skill level 1 in Polearms
  7654 | D:7      | Gained mutation: You regenerate magic rapidly. [demonic
                  | ancestry]
  7654 | D:7      | Reached XP level 9. HP: 58/58 MP: 6/14
  7655 | D:7      | Killed Dowan
  7992 | D:7      | Found Aghys's Antique Armour Emporium.
  8110 | D:7      | Found a transporter.
  8112 | D:7      | Found Cemyts's Armour Boutique.
  8997 | D:8      | Found a snail-covered altar of Cheibriados.
  9016 | D:8      | Reached skill level 10 in Ice Magic
  9018 | D:8      | Reached skill level 5 in Polearms
  9118 | D:8      | Gained mutation: You have hoof-like feet. [demonic
                  | ancestry]
  9118 | D:8      | Reached XP level 10. HP: 40/63 MP: 9/16
  9311 | D:8      | Reached *** piety under Hepliaklqana
  9326 | D:8      | Noticed Erica
  9480 | D:8      | Erica changed into Erica the komodo dragon
  9480 | D:8      | Noticed Erica
  9491 | D:8      | Killed Erica the komodo dragon
  9879 | D:9      | Found a flagged portal.
  9906 | Bailey   | Entered a bailey
 10845 | D:9      | Reached skill level 10 in Polearms
 11181 | D:9      | Reached **** piety under Hepliaklqana
 11421 | D:9      | Found a sacrificial altar of Ru.
 11517 | D:10     | Entered Level 10 of the Dungeon
 11524 | D:10     | Found a staircase to the Orcish Mines.
 11558 | D:10     | Noticed Urug
 11844 | D:10     | Found a shadowy altar of Dithmenos.
 11882 | D:10     | Found a staircase to the Lair.
 11882 | D:10     | Noticed an elephant
 11889 | D:10     | Reached XP level 11. HP: 69/69 MP: 10/17
 11962 | D:10     | Noticed Psyche
 11971 | D:10     | Killed Psyche
 12568 | D:10     | Found a sparkling altar of Nemelex Xobeh.
 12944 | D:11     | Found a runed translucent door.
 12948 | D:11     | Noticed a sixfirhy
 12950 | D:11     | Noticed a spark wasp
 12950 | D:11     | Noticed a shock serpent
 12952 | D:11     | Noticed a sixfirhy
 12955 | D:11     | Noticed a storm dragon
 13031 | D:11     | Found a runed translucent door.
 13033 | D:11     | Noticed a sixfirhy
 13069 | D:11     | Found a runed translucent door.
 13464 | D:11     | Found a runed translucent door.
 13470 | D:11     | Noticed a deep elf zephyrmancer
 13642 | D:11     | Found the +5 Storm Queen's Shield {shock, Fly rElec}
 13821 | D:12     | Reached ***** piety under Hepliaklqana
 13824 | D:12     | Noticed a red ugly thing
 13830 | D:12     | Killed a red ugly thing
 13831 | D:12     | Reached skill level 1 in Invocations
 14263 | D:12     | Noticed a deep elf pyromancer
 14580 | D:12     | a deep elf pyromancer changed into a manticore
 14646 | D:12     | Noticed Snorg
 14659 | D:12     | Killed Snorg
 14775 | D:12     | Reached skill level 5 in Invocations
 14794 | D:12     | Noticed a green ugly thing
 14802 | D:12     | Killed a green ugly thing
 14803 | D:12     | Gained mutation: You are mostly covered in yellow scales.
                  | (AC +3) [demonic ancestry]
 14803 | D:12     | Reached XP level 12. HP: 74/74 MP: 8/18
 15280 | Lair:1   | Entered Level 1 of the Lair of Beasts
 15363 | Lair:1   | Noticed a catoblepas
 15415 | Lair:1   | Killed a catoblepas
 15470 | Lair:1   | Reached skill level 1 in Evocations
 15623 | Lair:1   | Found a frozen archway.
 15972 | Lair:1   | Reached skill level 5 in Fighting
 16144 | Lair:2   | Noticed Gastronok
 16159 | Lair:2   | Killed Gastronok
 16160 | Lair:2   | Reached skill level 5 in Dodging
 16242 | Lair:2   | Noticed a catoblepas
 16496 | Lair:2   | Noticed a four-headed hydra
 16506 | Lair:2   | Killed a four-headed hydra
 16553 | Lair:2   | Noticed a six-headed hydra
 16677 | Lair:2   | Killed a six-headed hydra
 16933 | Lair:2   | Gained mutation: When hurt, damage is shared between your
                  | health and your magic reserves. [demonic ancestry]
 16933 | Lair:2   | Reached XP level 13. HP: 81/83 MP: 15/19
 17005 | Lair:2   | Found a staircase to the Shoals.
 17992 | Lair:3   | Found a hole to the Spider Nest.
 18499 | Lair:4   | Reached ****** piety under Hepliaklqana
 19253 | Lair:4   | Found a viscous altar of Jiyva.
 19324 | Lair:5   | Entered Level 5 of the Lair of Beasts
 20209 | Lair:5   | Reached skill level 10 in Fighting
 21004 | D:13     | Found a stormy altar of Qazlal.
 21533 | D:13     | Found a gate to the Vaults.
 21665 | Orc:1    | Entered Level 1 of the Orcish Mines
 21695 | Orc:1    | Found a transporter.
 21714 | Orc:1    | Noticed Qutsim's ghost (journeyman DrFE)
 21723 | Orc:1    | Reached XP level 14. HP: 99/99 MP: 11/20
 22043 | Orc:1    | Found a transporter.
 22513 | Orc:2    | Entered Level 2 of the Orcish Mines
 22519 | Orc:2    | Found a staircase to the Elven Halls.
 22743 | Orc:2    | Noticed an orc warlord
 22897 | Orc:2    | Killed an orc warlord
 22898 | Orc:2    | Reached skill level 5 in Summonings
 23008 | Orc:2    | Found Ruwack's Antique Weapon Emporium.
 23194 | Orc:2    | Found Zaus Siesade's General Store.
 23342 | Orc:2    | Found Anwoikh's Jewellery Emporium.
 23460 | Orc:2    | Found Dief's Antique Armour Emporium.
 23492 | Orc:2    | Bought a shimmering scale mail for 288 gold pieces
 23492 | Orc:2    | Identified the +5 scale mail of the Immovable Deaths {rF+
                  | Int+5 Dex+3} (You bought it in a shop on level 2 of the
                  | Orcish Mines)
 23710 | D:10     | Killed Urug
 23969 | D:13     | Learned a level 4 spell: Summon Blazeheart Golem
 24181 | D:14     | Reached skill level 1 in Fire Magic
 25018 | D:15     | Entered Level 15 of the Dungeon
 25071 | D:15     | Reached skill level 5 in Evocations
 25289 | D:15     | Reached skill level 10 in Dodging
 25337 | D:15     | Found a staircase to the Depths.
 25566 | D:15     | Found a transporter.
 25690 | D:15     | Found a transporter.
 25703 | D:15     | Found a transporter.
 25721 | D:15     | Found a transporter.
 25767 | D:15     | Gained mutation: A weak demonic guardian rushes to your
                  | aid. [demonic ancestry]
 25767 | D:15     | Reached XP level 15. HP: 88/108 MP: 5/21
 26633 | D:4      | Killed ragingrage's ghost
 26813 | D:5      | Found an ancient bone altar of Kikubaaqudgha.
 27116 | D:7      | Bought a scroll of fog for 48 gold pieces
 27116 | D:7      | Bought a scroll of teleportation for 36 gold pieces
 27116 | D:7      | Bought a scroll of teleportation for 36 gold pieces
 27116 | D:7      | Bought a scroll of teleportation for 36 gold pieces
 27116 | D:7      | Bought a scroll of blinking for 90 gold pieces
 27116 | D:7      | Bought a scroll of identify for 24 gold pieces
 27116 | D:7      | Bought a scroll of identify for 24 gold pieces
 27116 | D:7      | Bought a scroll of identify for 24 gold pieces
 27261 | Spider:1 | Entered Level 1 of the Spider Nest
 27374 | Spider:1 | Reached skill level 1 in Shapeshifting
 27701 | Spider:1 | Identified the +6 scale mail "Wokkipist" {rPois Will+
                  | Str-2}
 28022 | Spider:1 | Identified the serpent talisman of Qedirud {Fly rF+}
 28022 | Spider:1 | Noticed Aizul
 28091 | Spider:1 | Killed Aizul
 28642 | Spider:2 | Reached skill level 10 in Summonings
 28792 | Spider:2 | Reached skill level 5 in Fire Magic
 28808 | Spider:2 | Got the Vellum of Incinerated Arcane Combat
 28842 | Spider:2 | Noticed Louise
 28859 | Spider:2 | Killed Louise
 29834 | Spider:3 | Learned a level 5 spell: Irradiate
 29877 | Spider:3 | Reached skill level 5 in Spellcasting
 29958 | Spider:3 | Learned a level 5 spell: Summon Mana Viper
 29992 | Spider:3 | Reached skill level 1 in Hexes
 30495 | Spider:3 | Reached XP level 16. HP: 61/114 MP: 0/23
 30645 | Spider:3 | Reached skill level 5 in Hexes
 30941 | Spider:3 | Reached skill level 1 in Shields
 31377 | Spider:4 | Entered Level 4 of the Spider Nest
 32608 | Shoals:1 | Entered Level 1 of the Shoals
 32802 | Shoals:1 | Identified the +0 quarterstaff of Bedazzled Action {elec,
                  | rCorr Dex+3}
 33832 | Shoals:1 | Found Reusu's General Store.
 33910 | Shoals:1 | Bought a condenser vane for 760 gold pieces
 34024 | Shoals:2 | Found a flickering gateway to a bazaar.
 34103 | Bazaar   | Entered a bazaar
 34123 | Bazaar   | Found Bob Zuse's Antique Weapon Shoppe.
 34139 | Bazaar   | Found Dyak's Weapon Emporium.
 34154 | Bazaar   | Found Hoavuhih's Assorted Antiques.
 34159 | Bazaar   | Bought a scroll labelled JIYXAI ELENWI for 16 gold pieces
 34159 | Bazaar   | Bought a flickering brass ring for 80 gold pieces
 34159 | Bazaar   | Identified the ring of Yzairgh {Ice +Blink rCorr Dex-2
                  | Slay+3} (You bought it in a shop in a bazaar)
 34207 | Bazaar   | Bought the +8 mithril axe "Arga" {speed, Will+} for 775
                  | gold pieces
 34207 | Bazaar   | Found the +8 mithril axe "Arga" {speed, Will+}
 34683 | Shoals:2 | Reached skill level 1 in Armour
 34900 | Shoals:2 | Gained mutation: You are completely covered in yellow
                  | scales. (AC +4, rCorr) [demonic ancestry]
 34900 | Shoals:2 | Reached XP level 17. HP: 124/125 MP: 22/24
 36038 | Shoals:3 | Reached skill level 5 in Armour
 36232 | Shoals:3 | Found Zelil's Weapon Shop.
 36594 | Shoals:4 | Entered Level 4 of the Shoals
 37213 | Shoals:4 | Reached skill level 5 in Shields
 37284 | Shoals:4 | Got an azure gem with 0 turns to spare
 37287 | Shoals:4 | Got a barnacled rune of Zot
 38922 | Orc:2    | Bought a scroll of identify for 22 gold pieces
 38956 | Elf:1    | Entered Level 1 of the Elven Halls
 38960 | Elf:1    | Paralysed by an air elemental for 1 turns
 38964 | Elf:1    | Paralysed by an air elemental for 1 turns
 39041 | Elf:1    | Gained mutation: You have hooves in place of feet. [demonic
                  | ancestry]
 39041 | Elf:1    | Reached XP level 18. HP: 132/132 MP: 21/25
 39477 | Elf:1    | Reached skill level 15 in Fighting
 39846 | Elf:1    | Found a portal to a secret trove of treasure.
 40938 | Elf:2    | Paralysed by an air elemental for 1 turns
 41078 | Elf:2    | Found a runed translucent gate.
 41079 | Elf:2    | Found a runed translucent gate.
 41079 | Elf:2    | Found a runed translucent gate.
 41388 | Elf:3    | Entered Level 3 of the Elven Halls
 43104 | Elf:3    | Identified the +2 long sword of the Ancient Moons {freeze,
                  | rElec Str+3 SInv}
 44281 | Elf:3    | Identified the +3 dagger of the Lamprey {venom, Str+4}
 44281 | Elf:3    | Found the ring of the Octopus King {rF+ HP+2 AC+2 EV+2
                  | SH+2}
 45083 | Elf:3    | Identified the +8 morningstar "Xohid" {protect, rElec rF+
                  | rC+ Str+2}
 45099 | Elf:3    | Reached skill level 15 in Summonings
 47329 | Elf:3    | Reached XP level 19. HP: 106/132 MP: 16/26
 47447 | Elf:3    | Got the Book of Phantasms
 47458 | Elf:3    | Identified the +6 shortbow "Murmur" {flame, rC+ Int+2}
 47478 | Elf:3    | Identified the +1 cloak of the Arcane {Will+ MP+9 Int+3}
 47541 | Elf:3    | Got Yxtuirgh's Compilation of the Forceful Departed
 48307 | Elf:2    | Identified the blade talisman of Instinct {Dex+6}
 49622 | Spider:4 | Identified the +0 hat of the Orcish Mines {Rampage}
 49624 | Spider:4 | Got a gossamer rune of Zot
 50371 | Vaults:1 | Entered Level 1 of the Vaults
 51541 | Vaults:1 | Reached skill level 10 in Shields
 51814 | Vaults:1 | Identified a scroll of acquirement
 51844 | Vaults:1 | Acquired 865 gold pieces
 52018 | Vaults:1 | Gained mutation: When low on magic, you restore magic in
                  | place of health. [demonic ancestry]
 52018 | Vaults:1 | Reached XP level 20. HP: 145/145 MP: 30/30
 52907 | Vaults:2 | Learned a level 4 spell: Martyr's Knell
 53432 | Vaults:2 | Found a staircase to the Crypt.
 54042 | Vaults:3 | Found a flickering gateway to a bazaar.
 54072 | Bazaar   | Entered a bazaar
 54072 | Bazaar   | Found Syklug's Assorted Antiques.
 54077 | Bazaar   | Found Entuakli's General Store.
 54086 | Bazaar   | Bought a scroll of enchant weapon for 67 gold pieces
 54087 | Bazaar   | Found Dacy's Antique Armour Boutique.
 54094 | Bazaar   | Found Soihirul's Magic Scroll Shop.
 54102 | Bazaar   | Bought a scroll of teleportation for 27 gold pieces
 54102 | Bazaar   | Bought a scroll of acquirement for 468 gold pieces
 54102 | Bazaar   | Bought a scroll of teleportation for 27 gold pieces
 54102 | Bazaar   | Bought a scroll of enchant armour for 67 gold pieces
 54102 | Bazaar   | Bought a scroll of immolation for 36 gold pieces
 54131 | Bazaar   | Found Senor's Assorted Antiques.
 54151 | Vaults:3 | Acquired a manual of Dodging
 54320 | Vaults:3 | Reached skill level 10 in Armour
 55029 | Vaults:3 | Gained mutation: A demonic guardian rushes to your aid.
                  | [demonic ancestry]
 55029 | Vaults:3 | Reached XP level 21. HP: 151/151 MP: 31/31
 55159 | Vaults:4 | Identified the +7 quarterstaff of the Black Skies {heavy,
                  | Str+3 Stlth+}
 55651 | Vaults:4 | Paralysed by a formless jellyfish for 1 turns
 55831 | Vaults:4 | Reached skill level 15 in Dodging
 56125 | Vaults:4 | Found a runed translucent gate.
 56125 | Vaults:4 | Found a runed translucent gate.
 56125 | Vaults:4 | Found a runed translucent gate.
 56127 | Vaults:4 | Noticed scarr's ghost (adept DrEE)
 56903 | Lair:4   | Found a staircase to the Slime Pits.
 56949 | Lair:4   | Learned a level 3 spell: Fugue of the Fallen
 57376 | Slime:1  | Entered Level 1 of the Pits of Slime
 57422 | Slime:1  | Reached skill level 1 in Necromancy
 59299 | Slime:5  | Entered Level 5 of the Pits of Slime
 60028 | Slime:3  | Reached skill level 5 in Necromancy
 60191 | Slime:4  | Gained mutation: You are frail. (-10% HP) [a shining eye]
 60196 | Slime:4  | Gained mutation: You are weak. (Str -2) [a shining eye]
 60351 | Slime:4  | Learned a level 6 spell: Summon Cactus Giant
 60586 | Slime:5  | Noticed the Royal Jelly
 61008 | Slime:5  | Found the +3 giant club "Skullcrusher" {speed, Str+7}
 61010 | Slime:5  | Found a viscous altar of Jiyva.
 61470 | Slime:5  | Killed the Royal Jelly
 61471 | Slime:5  | Gained mutation: Your magical and physical power is
                  | slightly enhanced at high health. [demonic ancestry]
 61471 | Slime:5  | Reached XP level 22. HP: 124/140 MP: 23/32
 61826 | Slime:5  | Got a slimy rune of Zot
 61838 | Slime:5  | Identified the ring "Civompah" {rC+ SInv}
 61843 | Slime:5  | Identified the +8 hand axe "Lywneag" {speed, Fly}
 61888 | Slime:5  | Got The Last Atlas of the Luminary
 61890 | Slime:5  | Got Sif Muna's Catalogue of the Hot Entourage
 61893 | Slime:5  | Got the Elucidation of Niveous Misfortune
 61914 | Slime:5  | Identified the ring "Qesm" {Fly rN+ Dex+2}
 61924 | Slime:5  | Identified the amulet "Ucwanona" {Spirit Harm Int+2}
 62393 | Elf:1    | You showed the slimy rune of Zot to enter a treasure trove
 62394 | Trove    | Entered a treasure trove
 62396 | Trove    | Found the necklace of Bloodlust {Fury *Rage Will++ Int-3
                  | Slay+6}
 62398 | Trove    | Identified the amulet of Nufeomeit {Faith Harm rElec}
 62400 | Trove    | Identified the ring "Nonutywk" {Fly rF+ rC+ Will+ Stlth-}
 62404 | Trove    | Identified the amulet "Yblag" {Rampage Regen+ Str+2 Int+2}
 62408 | Trove    | Identified the amulet "Lukamiut" {Reflect Dex+5 SH+5}
 62410 | Trove    | Identified the ring of Repyewy {Wiz Int+2 Dex+4}
 62416 | Trove    | Identified the ring of Ape Bef {Ice Dex+3}
 62418 | Trove    | Identified the amulet "Elusiolo" {Faith Slay+3}
 62422 | Trove    | Identified the ring of Afimaodu {Fly rElec rF+ Will++
                  | Str-4}
 62424 | Trove    | Identified the ring "Owietag" {Fly rElec Dex+2}
 62732 | Depths:1 | Entered Level 1 of the Depths
 62732 | Depths:1 | Noticed Asterion
 62741 | D:15     | Killed Asterion
 62790 | Depths:1 | Found a gateway to Hell.
 62943 | Depths:1 | Found Wixta's Jewellery Emporium.
 62944 | Depths:1 | Found Hyli's Book Shop.
 62946 | Depths:1 | Found Wimoaluu's Jewellery Emporium.
 63036 | Depths:1 | Found a one-way gate to the infinite horrors of the Abyss.
 63517 | Depths:1 | Found a one-way gate leading to the halls of Pandemonium.
 63875 | Depths:2 | Found a one-way gateway to a ziggurat.
 63881 | Depths:2 | Identified the +2 robe of the Maze {+Blink rPois Will+++
                  | Dex-2}
 63881 | Depths:2 | Noticed Boris
 63906 | Depths:2 | Killed Boris
 64430 | Depths:2 | Identified the ring "Buuhoon" {Ice rCorr SInv}
 64430 | Depths:2 | Noticed Josephina
 64443 | Depths:2 | Killed Josephina
 64574 | Depths:2 | Noticed a golden dragon
 65130 | Depths:2 | Learned a level 3 spell: Passwall
 65143 | Depths:2 | Killed a golden dragon
 65458 | Depths:2 | Reached skill level 1 in Earth Magic
 66499 | Depths:2 | Found an opulent altar of Gozag.
 66500 | Depths:2 | Found a hazy altar of Hepliaklqana.
 66501 | Depths:2 | Found an ornate altar of the Wu Jian Council.
 66768 | Depths:3 | Reached skill level 15 in Shields
 67062 | Depths:3 | Noticed a juggernaut
 67077 | Depths:3 | Noticed a golden dragon
 67078 | Depths:3 | Killed a juggernaut
 67164 | Depths:2 | Gained mutation: Your magical and physical power is
                  | enhanced at high health. [demonic ancestry]
 67164 | Depths:2 | Reached XP level 23. HP: 86/148 MP: 32/35
 67360 | Depths:3 | Identified the +2 robe of Resourcefulness {Stlth+}
 67360 | Depths:3 | Noticed Boris
 67776 | Depths:2 | Reached skill level 5 in Earth Magic
 67834 | Depths:3 | Killed Boris
 68026 | Depths:3 | Identified the +1 robe "Zebo" {rCorr}
 68435 | Depths:4 | Entered Level 4 of the Depths
 68669 | Depths:4 | Noticed the Enchantress
 68679 | Depths:4 | Killed the Enchantress
 69295 | Depths:4 | Acquired a manual of Necromancy
 69297 | Depths:4 | Acquired 861 gold pieces
 69573 | Depths:4 | Noticed a juggernaut
 69581 | Depths:4 | Killed a juggernaut
 69853 | Depths:4 | Reached skill level 10 in Invocations
 69944 | Depths:4 | Found a gate to the Realm of Zot.
 70089 | Zot:1    | Entered Level 1 of the Realm of Zot
 70248 | Zot:1    | Noticed a curse toe
 70260 | Zot:1    | Killed a curse toe
 70743 | Zot:1    | Found the +4 dragonskin cloak {Aegis}
 70743 | Zot:1    | Noticed Tiamat
 70762 | Zot:1    | Reached XP level 24. HP: 139/156 MP: 35/35
 70824 | Zot:2    | Noticed an orb of fire
 70825 | Zot:2    | Gained mutation: Potions are less effective at restoring
                  | your health. [an orb of fire]
 71168 | Zot:1    | Killed Tiamat
 71169 | Zot:1    | Reached skill level 5 in Stealth
 71967 | Zot:2    | Killed an orb of fire
 72084 | Zot:2    | Reached skill level 10 in Evocations
 72491 | Zot:1    | Lost mutation: You are weak. (Str -2) [potion of mutation]
 72491 | Zot:1    | Lost mutation: Potions are less effective at restoring your
                  | health. [potion of mutation]
 72491 | Zot:1    | Lost mutation: You are frail. (-10% HP) [potion of
                  | mutation]
 72491 | Zot:1    | Gained mutation: You possess an exceptional clarity of
                  | mind. [potion of mutation]
 72491 | Zot:1    | Gained mutation: Your spells are a little harder to cast,
                  | but a little more powerful. [potion of mutation]
 72491 | Zot:1    | Gained mutation: Your flesh is cold resistant. (rC+)
                  | [potion of mutation]
 72491 | Zot:1    | Gained mutation: Your mind is acute. (Int +4, Str/Dex -1)
                  | [potion of mutation]
 73111 | Zot:2    | Noticed a Killer Klown
 73121 | Zot:2    | Killed a Killer Klown
 73670 | Zot:3    | Reached skill level 10 in Necromancy
 75426 | Zot:4    | Reached skill level 15 in Necromancy
 75541 | Zot:4    | Gained mutation: A powerful demonic guardian rushes to your
                  | aid. [demonic ancestry]
 75541 | Zot:4    | Reached XP level 25. HP: 104/183 MP: 17/36
 76059 | Zot:5    | Entered Level 5 of the Realm of Zot
 76092 | Zot:5    | Noticed a Killer Klown
 76191 | Zot:5    | Killed a Killer Klown
 76526 | Depths:1 | Bought a Necronomicon for 1080 gold pieces
 76534 | Depths:1 | Learned a level 7 spell: Haunt
 77179 | Zot:5    | Noticed an orb of fire
 77194 | Zot:5    | Killed an orb of fire
 77252 | Zot:5    | Noticed an orb of fire
 77259 | Zot:5    | Noticed an ancient lich
 77263 | Zot:5    | Killed an ancient lich
 77284 | Zot:5    | Killed an orb of fire
 77501 | Zot:5    | Noticed an orb of fire
 77513 | Zot:5    | Killed an orb of fire
 77651 | Zot:5    | Noticed a Killer Klown
 77663 | Zot:5    | Killed a Killer Klown
 77705 | Zot:5    | Noticed a Killer Klown
 77744 | Zot:5    | Noticed an orb of fire
 77746 | Zot:5    | Lost mutation: Your spells are a little harder to cast, but
                  | a little more powerful. [an orb of fire]
 77757 | Zot:5    | Killed an orb of fire
 77923 | Zot:5    | Noticed an orb of fire
 77931 | Zot:5    | Killed an orb of fire
 78029 | Zot:5    | Noticed an orb of fire
 78031 | Zot:5    | Killed a Killer Klown
 78037 | Zot:5    | Killed an orb of fire
 78135 | Zot:5    | Noticed a Killer Klown
 78147 | Zot:5    | Killed a Killer Klown
 78240 | Zot:5    | Noticed an ancient lich
 78252 | Zot:5    | Killed an ancient lich
 78264 | Zot:5    | Noticed an ancient lich
 78271 | Zot:5    | Reached skill level 10 in Spellcasting
 78271 | Zot:5    | Killed an ancient lich
 78320 | Zot:5    | Got the Orb of Zot
 78477 | Zot:1    | Noticed Sanajom the pandemonium lord
 78655 | D:13     | Noticed a seraph
 78932 | D:$      | Escaped with the Orb!

Illustrated notes

Levels and vault maps discovered:
D:1:      dpeg_arrival_pits, layout_basic
D:2:      layout_loops_ring
D:3:      layout_loops_ring, kennysheep_cross_bottleneck
D:4:      layout_loops_ring, kennysheep_mini, mainiacjoe_overflow_brackets,
          minmay_temple_entry_large_hall, gammafunk_ghost_arena, uniq_sigmund
D:5:      layout_basic, lemuel_mausoleum_altar_kikubaaqudgha
D:6:      layout_rooms, grunt_temple_overflow_holy_war,
          mainiacjoe_overflow_concentric_impassable, lemuel_blue_sif_altar
D:7:      layout_layer_cave, serial_shops, nicolae_shop_drivethru, shop, shop,
          uniq_jeremiah, uniq_duvessa
D:8:      layout_rooms, elyvilon_altar_5, overflow_temple_1_default,
          minmay_fountain_box, uniq_erica
D:9:      layout_gridville, lemuel_coloured_pillars_altar, enter_bailey_4
D:10:     layout_basic, nicolae_overflow_crystal_walls, lemuel_tele_altar,
          david_lair_generic, orc_0_dummy, uniq_psyche, uniq_urug
D:11:     layout_irregular_city, nicolae_guarded_unrand_storm_shield
D:12:     layout_basic, minivault_8, uniq_snorg
D:13:     layout_loops_corners, hellmonk_vaults_attempted_burglary,
          grunt_qazlal_sundering
D:14:     layout_roguey, serial_aquarium, aquarium_bridge_straight
          [aquarium_subvault_bridge, aquarium_subvault_window,
          aquarium_subvault_bridge, aquarium_subvault_window],
          aquarium_bridge_straight [aquarium_subvault_bridge,
          aquarium_subvault_window, aquarium_subvault_bridge,
          aquarium_subvault_wall], aquarium_window_fake, aquarium_window_fake,
          aquarium_window_1, aquarium_window_corridor_2, aquarium_view_2a,
          kennysheep_generic_room_5
D:15:     hangedman_depths_entry_civil_slaughter, layout_basic,
          interstate_on_off, nicolae_transporter_intersection
Temple:   nicolae_temple_two_arcs
Lair:1:   layout_misc_corridors, portal_ice_cave_rime, st_stairs_11,
          grunt_megastairs_5
Lair:2:   layout_chaotic_city, nicolae_shoals_entry_roost, beast_lair_carwin_11,
          uniq_gastronok
Lair:3:   layout_cave_pods, dummy_spider_entry, guppyfry_lair_drakes
Lair:4:   layout_layer_cave, minmay_slime_entry_oklob_open
Lair:5:   hellmonk_lair_end_abyssal_woods, layout_regular_city,
          serial_bayou_pond_c, ldierk_geyser
Shoals:1: layout_shoals, serial_shops, nicolae_shop_statue_plus
Shoals:2: nicolae_shoals_aurelia_aurita, layout_shoals, serial_shops,
          bzr_entry_lakeside, nicolae_shoals_shepherds
Shoals:3: layout_shoals, serial_shops, nicolae_shop_bloodbath_and_beyond,
          nicolae_shoals_songs
Shoals:4: shoals_end_simple, layout_shoals, nicolae_shoals_spectral_cove
Spider:1: layout_cave_pods, uniq_aizul
Spider:2: layout_spider_delve, drop_trap, uniq_louise
Spider:3: nicolae_spider_corner
Spider:4: grunt_spider_rune_parallel, spiders_nest_spider_trap
Slime:1:  layout_caves
Slime:2:  layout_caves
Slime:3:  cheibrodos_slime_lost_civilization_10, layout_caves
Slime:4:  cheibrodos_slime_lost_civilization_9, layout_caves
Slime:5:  slime_pit_nicolae_jellycorners
Orc:1:    layout_caves, gammafunk_ghost_stat_death, lightli_orcish_oven
Orc:2:    grunt_orc_gardens, layout_diamond_mine, grunt_orc_garden,
          grunt_orc_garden, grunt_orc_garden, grunt_orc_garden
Elf:1:    nicolae_elf_arrival_aired_out, layout_loops_corners,
          nicolae_trove_entry_path_of_doom, kennysheep_underground_church
Elf:2:    nicolae_elf_blades_crystal_corner, layout_loops_corners
Elf:3:    minmay_elf_hall_curves, layout_geoelf_octagon, minmay_misc_feat_five
Vaults:1: nicolae_vaults_network_quinsquares
          [nicolae_vaults_network_quincunx_subvault,
          nicolae_vaults_network_quincunx_subvault,
          nicolae_vaults_network_quincunx_subvault,
          nicolae_vaults_network_quincunx_subvault], nicolae_vaults_turnstiles,
          nicolae_vaults_triangles, nicolae_vaults_little_squares_5,
          vaults_room_large_hall, nicolae_vaults_meeting,
          vaults_standard_mumra_x, v_pattern_4, lemuel_angel_altar,
          nicolae_vaults_little_ls, nicolae_vaults_variable_pillar_hall,
          nicolae_vaults_sealed_display, layout_vaults_ring
Vaults:2: v_misc_26, ontoclasm_vaults_hangar, nicolae_vaults_three_branches,
          nicolae_vaults_shipping_containers_4,
          nicolae_vaults_windows_and_doors_thing,
          nicolae_vaults_door_testing_chamber, hangedman_vaults_snaps, v_misc_3,
          nicolae_vaults_little_squares_5, ontoclasm_vaults_ligature,
          nicolae_vaults_diagonal_hallway_6, layout_vaults_big_room,
          minmay_crypt_entry_simple_corners
Vaults:3: hangedman_vaults_variations, nicolae_vaults_mini_display_case,
          vaults_room_door_hall, v_rooms_5, nicolae_vaults_wine_cellar,
          nicolae_vaults_surprise_closet, vaults_dpeg_hooks, st_spiral_rooms,
          nicolae_vaults_cochlea, nicolae_vaults_asterisk,
          ontoclasm_vaults_decontamination, nicolae_vaults_trapezoid_2,
          layout_vaults_maze, serial_shops, bzr_entry_gold
Vaults:4: gammafunk_ghost_tricky_traps, hangedman_vaults_stream,
          nicolae_vaults_network_quincunx
          [nicolae_vaults_network_quincunx_subvault,
          nicolae_vaults_network_quincunx_subvault,
          nicolae_vaults_network_quincunx_subvault,
          nicolae_vaults_network_quincunx_subvault,
          nicolae_vaults_network_quincunx_subvault], v_misc_16,
          vaults_room_stairs_pillars, nicolae_vaults_six-pack,
          grunt_vaults_diagonal, nicolae_vaults_theta, v_misc_33,
          nicolae_vaults_storage_closets_2, nicolae_vaults_six-pack,
          nicolae_vaults_tetromino_T_1, nicolae_vaults_storage_room_doors,
          layout_vaults_omnibox
Depths:1: layout_roguey, rand_demon_pan_entry_1, nicolae_tricolors,
          nicolae_abyss_entry_one_way_or_another, hangedman_coc_ice_floe,
          water_boxes_lemuel, minmay_shop_grove, nicolae_triple_integral,
          uniq_asterion
Depths:2: minmay_the_grid_octo_tiled_octocenter_mashed
          [minmay_the_grid_octo_vomiting_pacman, minmay_the_grid_octo_shrine,
          minmay_the_grid_octo_fat_diamond, minmay_the_grid_octo_chip,
          minmay_the_grid_octo_prize_single_spiral,
          minmay_the_grid_square_5x5_v, minmay_the_grid_square_5x5_two,
          minmay_the_grid_square_5x5_fat_x, minmay_the_grid_square_5x5_inner_i],
          layout_gridlike, enter_ziggurat_d, grunt_metal_band,
          corexii_corridor_pit, pan_entry, uniq_josephina, uniq_boris
Depths:3: minmay_crescents, layout_cave_shapes, hellmouth_1, pan_entry,
          abyss_entry, minivault_11, corexii_corridor_pit, firewood_loft,
          minmay_staircase_statues
Depths:4: grunt_zot_entry_gee_three, layout_cave_pools,
          hangedman_abyss_entry_splay, rand_demon_pan_entry_8,
          pf_dread_powers_of_hell, uniq_enchantress
Zot:1:    layout_concentric_octagons, uniq_tiamat
Zot:2:    layout_twisted_circle, grunt_ministairs_1, lemuel_flame_loot_1
Zot:3:    layout_misc_corridors
Zot:4:    layout_misc_corridors, regret_index_zotdec_decaying_vile, st_stairs_7
Zot:5:    layout_cellular_growth

Skill      XL: |  1  2  3  4  5  6  7  8  9 10 11 12 13 14 15 16 17 18 19 20 21 22 23 24 25 |
---------------+----------------------------------------------------------------------------+-----
Stealth        | 2 4 5 7 |  7.0
Ice Magic      | 4 5 6 7 9 10 | 10.0
Fighting       | 1 2 3 4 6 10 12 14 15 16 17 18 | 18.0
Summonings     | 1 3 7 10 11 15 16 17 18 | 18.5
Dodging        | 3 4 5 8 10 11 12 13 16 | 16.6
Spellcasting   | 3 4 5 7 8 9 10 | 10.0
Polearms       | 1 6 10 13 14 | 14.0
Invocations    | 5 8 9 10 | 10.0
Evocations     | 4 5 7 8 9 12 | 12.0
Fire Magic     | 3 6 |  6.0
Shapeshifting  | 1 |  1.0
Hexes          | 4 7 8 9 |  9.0
Shields        | 1 5 7 11 14 15 17 18 | 18.0
Armour         | 2 8 10 11 | 11.9
Necromancy     | 6 8 16 18 | 18.0
Earth Magic    | 3 6 |  6.0
Conjurations   | |  0.9
Alchemy        | |  0.8

Action                     |  1- 3 |  4- 6 |  7- 9 | 10-12 | 13-15 | 16-18 | 19-21 | 22-24 | 25-27 || total
---------------------------+-------+-------+-------+-------+-------+-------+-------+-------+-------++-------
  Melee: Short sword       |    25 |     8 |    11 |       |       |       |       |       |       ||    44
         Trident           |       |       |    49 |   403 |   599 |       |       |       |       ||  1051
         Kick              |       |       |    16 |   123 |   248 |    58 |   362 |   368 |    44 ||  1219
         Demon trident     |       |       |       |       |   354 |  1047 |   968 |  1043 |   180 ||  3592
  Throw: Dart              |       |       |       |     6 |    16 |       |       |       |       ||    22
         Throwing net      |       |       |       |     1 |     1 |       |       |     1 |       ||     3
   Cast: Freeze            |    63 |    49 |    56 |     3 |       |       |       |       |       ||   171
         Frozen Ramparts   |       |     4 |    27 |    39 |    47 |     1 |     3 |       |       ||   121
         Summon Ice Beast  |       |       |    12 |    63 |    48 |       |     2 |       |       ||   125
         Ozocubu's Armour  |       |       |    10 |    47 |    50 |     4 |     1 |       |       ||   112
         Summon Blazeheart |       |       |       |       |     7 |    34 |     5 |       |       ||    46
         Summon Mana Viper |       |       |       |       |       |    62 |    78 |    64 |    13 ||   217
         Martyr's Knell    |       |       |       |       |       |       |    46 |    70 |    17 ||   133
         Summon Cactus Gia |       |       |       |       |       |       |     8 |    66 |    12 ||    86
         Fugue of the Fall |       |       |       |       |       |       |     5 |    44 |     9 ||    58
 Invoke: Recall Ancestor   |       |       |     2 |     1 |     7 |     7 |       |    11 |     4 ||    32
         Ancestor Life: Ba |       |       |     1 |       |       |       |       |       |       ||     1
         Idealise          |       |       |       |       |     5 |    10 |    15 |    17 |     4 ||    51
  Evoke: Wand              |       |       |       |     5 |    11 |    20 |     3 |     4 |     4 ||    47
         Lightning rod     |       |       |       |       |       |     2 |     7 |       |       ||     9
         Condenser vane    |       |       |       |       |       |     1 |     2 |     3 |       ||     6
    Use: Scroll            |       |     4 |     4 |     1 |    18 |    16 |    15 |    15 |     4 ||    77
         Potion            |       |     1 |       |     1 |     1 |     7 |     5 |     4 |     3 ||    22
   Stab: Sleeping          |     2 |       |     3 |     1 |     6 |     7 |     6 |     1 |       ||    26
         Distracted        |       |       |       |     6 |    13 |    21 |    30 |    44 |    17 ||   131
         Held in net/web   |       |       |       |     1 |       |       |       |     1 |       ||     2
         Petrified         |       |       |       |     2 |       |       |       |       |       ||     2
         Invisible         |       |       |       |       |       |       |       |     2 |       ||     2
 Armour: Robe              |    36 |    31 |    67 |    28 |       |       |       |       |       ||   162
         Steam dragon scal |       |       |       |    52 |       |       |       |       |       ||    52
         Acid dragon scale |       |       |       |    53 |       |       |       |       |       ||    53
         Troll leather arm |       |       |       |    91 |   510 |   637 |   182 |   320 |    60 ||  1800
         Leather armour    |       |       |       |       |       |       |    89 |     4 |       ||    93
  Dodge: Dodged            |    51 |    19 |    62 |   186 |   404 |   422 |   205 |   291 |    24 ||  1664
  Block: Other             |       |       |       |       |   118 |    80 |       |       |       ||   198
         Reflection        |       |       |       |       |    10 |    38 |    72 |    13 |     4 ||   137
         Buckler           |       |       |       |       |       |   149 |    67 |       |       ||   216
         Kite shield       |       |       |       |       |       |       |   480 |   671 |    60 ||  1211

Table legend: (Time is in decaauts)
 A = Elapsed time spent in this place.
 B = Non-inter-level travel time spent in this place.
 C = Inter-level travel time spent in this place.
 D = Time resting spent in this place.
 E = Time spent auto-exploring this place.
 F = Levels seen in this place.
 G = Mean time per level.
                   A        B        C        D        E       F      G
               +--------+--------+--------+--------+--------+-----+--------+
         Total |  77922 |  69752 |   8170 |  22624 |  33194 |  56 | 1391.5 |
       Dungeon |  21137 |  17955 |   3182 |   3810 |  11242 |  15 | 1409.1 |
        Temple |     37 |      5 |     32 |      0 |      0 |   1 |   37.0 |
          Lair |   6127 |   5167 |    960 |   1036 |   3308 |   5 | 1225.4 |
        Shoals |   6138 |   5802 |    336 |   2172 |   2174 |   4 | 1534.5 |
   Spider Nest |   6576 |   6066 |    510 |   2372 |   2467 |   4 | 1644.0 |
    Slime Pits |   4608 |   4042 |    566 |   1810 |   1384 |   5 |  921.6 |
  Orcish Mines |   2173 |   1721 |    452 |    282 |   1023 |   2 | 1086.5 |
   Elven Halls |  10026 |   9373 |    653 |   5186 |   2730 |   3 | 3342.0 |
        Vaults |   5268 |   4911 |    357 |    485 |   3184 |   4 | 1317.0 |
        Depths |   6925 |   6206 |    719 |   1874 |   2821 |   4 | 1731.2 |
           Zot |   7999 |   7600 |    399 |   3404 |   2580 |   5 | 1599.8 |
        Bazaar |    206 |    206 |      0 |      0 |    134 |   2 |  103.0 |
         Trove |     39 |     39 |      0 |      0 |      1 |   1 |   39.0 |
        Bailey |    657 |    657 |      0 |    190 |    144 |   1 |  657.0 |
               +--------+--------+--------+--------+--------+-----+--------+

Top non-repeatable levels by time:
   Elf:3: 6254 daAuts
Depths:2: 2471 daAuts
Spider:4: 2316 daAuts
   Zot:2: 2103 daAuts
     D:7: 2075 daAuts
   Elf:1: 2064 daAuts
   Zot:1: 2037 daAuts
    D:10: 2026 daAuts
Spider:3: 1970 daAuts
Shoals:4: 1874 daAuts
    D:11: 1839 daAuts
   Zot:5: 1834 daAuts
Shoals:3: 1760 daAuts
   Elf:2: 1707 daAuts
    D:12: 1702 daAuts
